AoeStats
← Kaer Morhen

Black Forest

510376076Analyzed
4v4 RM · 2d ago on Sep 30, 2026· 49m 5s· 8 players
Game mode
Random Map
Map size
Large (8 player)
Population
200
Speed
Normal
Resources
Standard
Victory
Conquest
Starting age
Dark Age
Ending age
Imperial Age
RankedLock teamsTeams togetherTeam positionsShared explorationLock speedFull tech treeHidden civsTurbo modeCheats
Victory
Defeat
🇮🇳 Hindustanis · India
1383
+11
🇵🇱 Japanese · Poland
1330
+13
🇨🇿 Saracens · Czechia
1318
+13
🇮🇱 Mongols · Israel
1244
+15
🇨🇿 Cumans · Czechia
1285
-14
🇹🇷 Gurjaras · Türkiye
1270
-14
🇩🇪 Bohemians · Germany
1262
-13
🇹🇷 Mongols · Türkiye
1208
-11
SabahIctimasi
11:33 Feudal Age
12:11 Double-Bit Axe
15:05 Castle Age
12:56 Horse Collar
16:21 Bow Saw
17:31 Loom
20:33 Wheelbarrow
19:45 Town Watch
20:52 Heavy Plow
24:28 Hand Cart
24:22 Gold Mining
25:45 Stone Mining
29:56 Imperial Age
27:50 Scale Barding Armor
27:56 Forging
28:58 Stone Shaft Mining
29:01 Gold Shaft Mining
29:05 Kshatriyas
29:31 Husbandry
30:31 Bloodlines
31:00 Caravan
30:52 Heavy Camel Rider
33:06 Crop Rotation
33:40 Chain Barding Armor
33:56 Iron Casting
33:21 Scale Mail Armor
33:13 Fletching
34:36 Town Patrol
34:29 Elite Chakram Thrower
35:31 Conscription
36:52 Hoardings
36:45 Masonry
37:37 Chemistry
36:54 Elite Shrivamsha Rider
38:10 Frontier Guards
39:33 Plate Barding Armor
38:54 Bodkin Arrow
39:37 Ballistics
39:48 Architecture
45:31 Bracer
Jagobert Juck
1:34 Loom
11:57 Feudal Age
16:03 Castle Age
13:51 Double-Bit Axe
14:09 Horse Collar
15:51 Wheelbarrow
17:09 Bow Saw
17:31 Heavy Plow
18:14 Fervor
23:20 Hand Cart
25:18 Caravan
30:02 Imperial Age
28:35 Chemistry
27:46 Scale Mail Armor
27:57 Forging
27:38 Fletching
27:58 Murder Holes
28:30 Pikeman
29:11 Squires
30:19 Bodkin Arrow
30:51 Ballistics
31:22 Siege Engineers
32:07 Wagenburg Tactics
32:20 Houfnice
33:39 Bombard Tower
33:40 Ballistics
34:09 Conscription
33:24 Sappers
34:16 Conscription
34:35 Bracer
35:10 Iron Casting
34:51 Chain Mail Armor
34:23 Arson
35:17 Masonry
35:33 Town Watch
36:23 Coinage
36:03 Guilds
35:38 Halberdier
37:36 Blast Furnace
36:46 Town Patrol
39:05 Two-Man Saw
39:09 Plate Mail Armor
Trickle
0:25 Loom
9:28 Feudal Age
9:42 Man-at-Arms
10:16 Double-Bit Axe
15:46 Wheelbarrow
16:13 Horse Collar
20:02 Castle Age
18:04 Town Watch
19:30 Stone Mining
19:30 Gold Mining
22:43 Fletching
23:35 Bodkin Arrow
26:29 Bow Saw
27:32 Bow Saw
33:48 Imperial Age
31:44 Caravan
32:08 Heavy Plow
32:50 Husbandry
34:12 Ballistics
34:06 Bloodlines
34:19 Thumb Ring
34:36 Bracer
36:32 Parthian Tactics
37:04 Conscription
37:01 Elite Skirmisher
37:59 Hand Cart
38:38 Padded Archer Armor
40:11 Leather Archer Armor
41:45 Chemistry
41:00 Scale Barding Armor
42:21 Siege Engineers
42:45 Drill
44:01 Heavy Scorpion
HaxorRomadur
4:24 Loom
10:18 Feudal Age
11:56 Double-Bit Axe
12:55 Horse Collar
17:15 Wheelbarrow
20:19 Castle Age
22:26 Scale Barding Armor
25:23 Imperial Age
23:12 Forging
23:52 Bow Saw
24:33 Bloodlines
26:01 Stone Mining
27:58 Elite Steppe Lancer
29:00 Heavy Plow
29:48 Onager
30:58 Hand Cart
31:29 Chain Barding Armor
31:00 Town Watch
32:38 Two-Man Saw
33:05 Plate Barding Armor
33:00 Steppe Husbandry
34:23 Iron Casting
33:44 Fletching
34:19 Pikeman
35:04 Scale Mail Armor
36:05 Blast Furnace
34:55 Elite Kipchak
35:48 Squires
35:33 Arson
35:10 Halberdier
36:36 Chain Mail Armor
36:16 Bodkin Arrow
36:46 Ballistics
36:37 Masonry
36:51 Conscription
36:59 Gold Mining
41:28 Gold Shaft Mining
Kaer Morhen
2:30 Loom
10:48 Feudal Age
15:23 Castle Age
13:23 Double-Bit Axe
13:34 Horse Collar
15:56 Wheelbarrow
16:49 Bow Saw
18:37 Heavy Plow
23:49 Gold Mining
25:14 Hand Cart
25:05 Town Watch
25:39 Hand Cart
28:00 Gold Shaft Mining
27:16 Stone Mining
27:32 Caravan
31:08 Imperial Age
29:32 Padded Archer Armor
29:25 Fletching
29:51 Crossbowman
30:42 Thumb Ring
31:14 Ballistics
32:54 Chemistry
31:59 Bodkin Arrow
32:20 Leather Archer Armor
33:21 Two-Man Saw
31:58 Arbalester
32:26 Onager
33:35 Conscription
33:29 Bracer
35:53 Ring Archer Armor
38:03 Bimaristan
38:07 Counterweights
39:00 Coinage
39:01 Parthian Tactics
39:20 Siege Engineers
39:25 Masonry
39:26 Fortified Wall
40:53 Banking
42:14 Bloodlines
42:05 Husbandry
41:29 Heavy Cavalry Archer
44:27 Heavy Camel Rider
46:29 Scale Barding Armor
46:35 Forging
47:42 Elite Skirmisher
49:05 Iron Casting
48:51 Chain Barding Armor
48:46 Town Patrol
GoodFunHaveLuck
10:15 Loom
12:02 Feudal Age
17:59 Castle Age
16:14 Double-Bit Axe
17:40 Horse Collar
27:16 Bow Saw
29:26 Fletching
29:34 Guard Tower
36:13 Imperial Age
34:24 Ballistics
34:02 Bodkin Arrow
37:45 Keep
36:56 Arrowslits
37:13 Bracer
38:37 Yasama
39:24 Conscription
40:12 Chemistry
41:52 Elite Samurai
49:13 Two-Man Saw
48:18 Onager
Mike
0:50 Loom
11:59 Feudal Age
15:35 Castle Age
13:54 Double-Bit Axe
13:50 Horse Collar
16:38 Bow Saw
16:37 Heavy Plow
25:17 Wheelbarrow
25:32 Stone Mining
25:32 Gold Mining
27:46 Hand Cart
28:01 Fortified Wall
31:32 Imperial Age
29:09 Fletching
30:27 Bodkin Arrow
30:33 Padded Archer Armor
30:56 Ballistics
32:05 Leather Archer Armor
32:25 Bloodlines
32:15 Husbandry
31:38 Light Cavalry
32:34 Thumb Ring
32:56 Parthian Tactics
33:40 Bracer
34:41 Chemistry
36:24 Hand Cart
36:32 Conscription
38:03 Elite Mangudai
39:40 Elite Mangudai
41:24 Scale Barding Armor
41:30 Forging
42:54 Chain Barding Armor
44:16 Capped Ram
45:23 Drill
48:20 Siege Ram
48:22 Onager
Cheetah
8:31 Loom
11:16 Feudal Age
12:51 Double-Bit Axe
15:20 Castle Age
13:38 Horse Collar
16:19 Bow Saw
17:47 Wheelbarrow
17:34 Heavy Plow
19:09 Stone Mining
21:03 Gold Mining
22:47 Hand Cart
26:47 Scale Barding Armor
26:52 Forging
30:24 Imperial Age
29:20 Gold Shaft Mining
29:12 Chain Barding Armor
29:27 Iron Casting
28:58 Grand Trunk Road
30:13 Bloodlines
31:13 Husbandry
31:52 Plate Barding Armor
32:17 Blast Furnace
30:39 Heavy Camel Rider
31:44 Conscription
32:00 Caravan
31:53 Fletching
33:25 Chemistry
32:31 Siege Engineers
32:48 Ballistics
32:39 Masonry
32:43 Imperial Camel Rider
36:10 Hoardings
37:43 Two-Man Saw
39:25 Murder Holes
40:18 Siege Elephant
42:51 Bodkin Arrow
45:00 Bracer
46:19 Padded Archer Armor
48:58 Light Cavalry
Connection lost

Rejoining the realm…

Still unreachable

The connection could not be restored.

Session expired

The server has moved on; the page needs a fresh start.